 Dungeon Crawl Stone Soup version 0.19-a0-1261-g420a265 (webtiles) character file.

434 IcyTea the Conjurer (level 6, -5/45 HPs)
             Began as a Draconian Wizard on Aug 29, 2016.
             Killed from afar by a centaur (25 damage)
             ... with a wand of lightning
             ... on level 5 of the Dungeon.
             The game lasted 00:18:16 (3869 turns).

IcyTea the Conjurer (Draconian Wizard)              Turns: 3869, Time: 00:18:16

Health: -5/45      AC:  8    Str:  9      XL:     6   Next: 68%
Magic:  8/12       EV: 12    Int: 19 (20) God:
Gold:   178        SH:  0    Dex: 10      Spells: 5 memorised, 3 levels left

rFire  . . .     SeeInvis .     j - +2 dagger (venom)
rCold  . . .     Gourm    .     (armour unavailable)
rNeg   . . .     Faith    .     (no shield)
rPois  .         Spirit   .     a - +0 hat
rElec  .         Dismiss  .     (no cloak)
rCorr  .         Reflect  .     f - +1 pair of gloves
MR     +....     Harm     .     (no boots)
Stlth  ++........               (no amulet)
                                m - ring of protection from magic
                                d - ring of flight

@: repel missiles
A: unfitting armour, cold-blooded, AC +6
a: Evoke Flight


You were on level 5 of the Dungeon.
You were near starving.

You visited 1 branch of the dungeon, and saw 5 of its levels.
You also visited: Sewer.

You collected 178 gold pieces.

Inventory:

Hand Weapons
 j - a +2 dagger of venom (weapon)
Missiles
 l - 6 tomahawks (quivered)
Armour
 a - a +0 hat (worn)
 f - a +1 pair of gloves (worn)
Jewellery
 d - a ring of flight (left hand)
 m - a ring of protection from magic (right hand)
Scrolls
 e - 2 scrolls of blinking
 g - a scroll of recharging
 h - a scroll of fear
 i - 2 scrolls of identify
 p - a scroll of remove curse
 r - a scroll of noise {unknown}
 u - a scroll of teleportation
 v - a scroll of magic mapping
Potions
 n - a potion of invisibility
 q - 4 potions of curing
 s - 2 potions of magic
 t - a potion of might
Books
 b - a book of Minor Magic

   Spells                             Type                      Level
   a - Magic Dart                     Conjuration                  1
   b - Blink                          Translocation                2
   c - Call Imp                       Summoning                    2
   d - Repel Missiles                 Charms/Air                   2
   e - Slow                           Hexes                        2
   f - Conjure Flame                  Conjuration/Fire             3
   g - Mephitic Cloud                 Conjuration/Poison/Air       3
Comestibles
 c - 5 bread rations
 k - a meat ration
 o - 2 beef jerkies
 w - a slice of pizza


   Skills:
 - Level 1.7 Dodging
 - Level 1.7 Stealth
 - Level 4.0 Spellcasting
 + Level 4.1 Conjurations
   Level 1.0 Summonings
 - Level 1.0 Translocations
 - Level 3.0 Air Magic
 - Level 3.2 Poison Magic


You had 3 spell levels left.
You knew the following spells:

 Your Spells              Type           Power        Failure   Level  Hunger
a - Magic Dart            Conj           ###.         2%          1    None
b - Blink                 Tloc           N/A          14%         2    ##.....
c - Mephitic Cloud        Conj/Pois/Air  ###.....     12%         3    ###....
d - Repel Missiles        Chrm/Air       #.....       12%         2    ##.....
e - Slow                  Hex            #.......     21%         2    ##.....


Dungeon Overview and Level Annotations

Branches:
Dungeon (5/15)
 Temple: D:4-7

Altars:
Nemelex Xobeh
Qazlal
Zin

Annotations:
D:3 Grinder


Innate Abilities, Weirdness & Mutations

Your plain brown scales are hard. (AC +6)
Your body does not fit into most forms of armour.
You are cold-blooded and may be slowed by cold attacks.


Message History

There is a stone staircase leading up here.
You see here 3 arrows.
Casting: Repel Missiles
Confirm with . or Enter, or press ? or * to list all spells.
Aiming: Magic Dart
Press: ? - help, Shift-Dir - straight line, f - centaur
Aim: a centaur, wielding a shortbow and carrying a wand of lightning {zapped: 1} The magic dart hits the centaur.
The jackal barks!
The adder hisses angrily.
The centaur shoots an arrow.
The arrow is repelled.
Casting: Magic Dart
Confirm with . or Enter, or press ? or * to list all spells.
Aiming: Magic Dart
Press: ? - help, Shift-Dir - straight line, f/p - centaur
Aim: a centaur, wielding a shortbow and carrying a wand of lightning {zapped: 1} The magic dart hits the centaur.
The centaur zaps a wand.
The bolt of lightning hits you!
The centaur zaps a wand.
The bolt of lightning hits you!
Ouch! That really hurt!
You die...

...... ##...... #...... ##.S..#
###..hc# ####...h..#
###........## ###.......(..#
#..........@## ##..###########
##.<## ####..####
##..#######........##### ####
#......<...........[...#####...
##.............................
############.......###########
######### #


You could see a centaur, an adder and 2 jackals.

Vanquished Creatures
  An ogre (D:4)
  A howler monkey (D:4)
  A crimson imp (D:2)
  A centaur skeleton (D:4)
  A jelly (D:4)
  2 worker ants
  The ghost of Vesto the Grave Robber, a weakling DENe (D:3)
  6 adders
  2 river rats (Sewer)
  An adder skeleton (D:4)
  A worm (D:2)
  3 dart slugs (D:2)
  5 giant geckos
  5 ball pythons
  8 bats
  A giant cockroach (D:1)
  4 goblins
  7 hobgoblins
  2 quokkas
  8 giant newts
  10 kobolds
  22 rats
93 creatures vanquished.

Notes
Turn   | Place    | Note
-------+----------+-------------------------------------------
     0 | D:1      | IcyTea the Draconian Wizard began the quest for the Orb.
     0 | D:1      | Reached XP level 1. HP: 14/14 MP: 4/4
   215 | D:1      | Reached XP level 2. HP: 20/20 MP: 0/6
   219 | D:1      | Learned a level 2 spell: Blink
   788 | D:2      | Reached XP level 3. HP: 22/26 MP: 5/7
   793 | D:2      | Learned a level 3 spell: Mephitic Cloud
   960 | D:2      | Reached skill level 1 in Air Magic
  1065 | D:2      | Noticed a water elemental
  1067 | D:2      | Found a stormy altar of Qazlal.
  1068 | D:2      | Noticed an earth elemental
  1068 | D:2      | Noticed an air elemental
  1068 | D:2      | Noticed a fire elemental
  1269 | D:2      | Reached skill level 1 in Poison Magic
  1434 | D:2      | Found a sparkling altar of Nemelex Xobeh.
  1592 | D:3      | Noticed Vesto's ghost (weakling DENe)
  1597 | D:3      | Killed Vesto's ghost
  1597 | D:3      | Reached XP level 4. HP: 20/33 MP: 2/9
  1727 | D:3      | Noticed Grinder
  1732 | D:3      | Paralysed by Grinder for 5 turns
  2173 | D:4      | Noticed an ogre
  2236 | D:3      | Reached XP level 5. HP: 33/38 MP: 5/11
  2335 | D:3      | Found a glowing silver altar of Zin.
  2740 | D:4      | Found a glowing drain.
  2762 | Sewer    | Entered a sewer
  2955 | Sewer    | Reached XP level 6. HP: 45/45 MP: 10/12
  3576 | D:5      | Entered Level 5 of the Dungeon
  3714 | D:4      | Learned a level 2 spell: Repel Missiles
  3717 | D:4      | Learned a level 2 spell: Slow
  3869 | D:5      | Killed from afar by a centaur

Vault maps used:
D:1:      lightli_arrival_lavapool
D:2:      old_standard_altar, nicolae_qazlal_style_of_elements
D:3:      zin_statuary, uniq_grinder
D:4:      portal_sewer_entry_b
D:5:      first_bread, minmay_misc_feat_pillars
Sewer:    sewer_co_cracked_pipes

Skill      XL: |  1  2  3  4  5  6 |
---------------+-------------------+-----
Conjurations   | 2 3 4 |  4.1
Air Magic      | 1 2 3 |  3.0
Poison Magic   | 1 3 |  3.2
Spellcasting   | 4 |  4.0
Dodging        | |  1.7
Stealth        | |  1.7
Summonings     | |  1.0
Translocations | |  1.0

Action                   |  1- 3 |  4- 6 || total
-------------------------+-------+-------++-------
Melee: Unarmed           |     5 |       ||     5
       Short sword       |    39 |       ||    39
       Tailslap          |     8 |     4 ||    12
       Dagger            |    23 |    62 ||    85
 Cast: Magic Dart        |    73 |   107 ||   180
       Mephitic Cloud    |       |     4 ||     4
       Repel Missiles    |       |     1 ||     1
  Use: Scroll            |     8 |     2 ||    10
       Potion            |     2 |     3 ||     5
 Stab: Sleeping          |     1 |     7 ||     8
  Eat: Chunk             |     2 |     6 ||     8
Armor: Skin              |    29 |    33 ||    62
Dodge: Dodged            |    65 |    63 ||   128
       Deflected         |       |     1 ||     1
